 Dungeon Crawl Stone Soup version 0.31-a0-1139-gec03705108 (webtiles) character file.

Game seed: 7914664977017845411

357 MacCMillion the Chopper (level 6, -1/51 HPs)
             Began as a Ghoul Fighter on Dec 6, 2023.
             Slain by a phantom (2 damage)
             ... on level 4 of the Dungeon.
             The game lasted 00:04:34 (3499 turns).

MacCMillion the Chopper (Ghoul Fighter)             Turns: 3499, Time: 00:04:34

Health: -1/51      AC: 11    Str: 22    XL:     6   Next: 64%
Magic:  5/5        EV:  8    Int:  7    God:
Gold:   226        SH:  4    Dex: 11    Spells: 5/5 levels left

rFire   + . .        s - +2 hand axe (flame)
rCold   + . .        c - +0 buckler
rNeg    + + +        t - +1 chain mail of Lethargy {rF+ Dex+3}
rPois   ∞            (no helmet)
rElec   .            (no cloak)
rCorr   .            k - +0 pair of gloves
SInv    .            (no boots)
Will    .....        (no amulet) Stlth
                     (no ring)
HPRegen 0.00/turn    (no ring)
MPRegen 0.09/turn

%: no passive effects
@: inhibited regen
A: claws 1, cold resistance 1, negative energy resistance 3, inhibited
regeneration, torment resistance 2, devour on kill
a: no special abilities


You were on level 4 of the Dungeon.
You visited 1 branch of the dungeon, and saw 6 of its levels.

You collected 226 gold pieces.

Inventory:

Hand Weapons
 a - a +0 war axe
 s - a +2 hand axe of flaming (weapon)
Armour
 c - a +0 buckler (worn)
 k - a +0 pair of gloves (worn)
 t - the +1 chain mail of Lethargy (worn) {rF+ Dex+3}
   (You found it on level 4 of the Dungeon)

   Dex+3:     It affects your dexterity (+3).
   rF+:       It protects you from fire.
Wands
 r - a wand of roots (6)
Scrolls
 b - a scroll of teleportation {unknown}
 f - 2 scrolls of identify {unknown}
 g - 3 scrolls of revelation {unknown}
 h - a scroll of vulnerability {unknown}
 l - 2 scrolls of amnesia {unknown}
 m - a scroll of butterflies {unknown}
 o - 2 scrolls of fear {unknown}
 q - 2 scrolls of noise {unknown}
Potions
 d - 3 potions of might
 e - 3 potions of curing {unknown}
 i - 2 potions of heal wounds {unknown}
 j - 2 potions of degeneration {unknown}
 n - a potion of magic {unknown}
 p - a potion of lignification {unknown}
 u - a potion of mutation {unknown}


   Skills:
 - Level 3.2 Fighting
 + Level 5.5 Axes
 - Level 2.6 Armour
 - Level 4.0 Shields


You had 5 spell levels left.
You didn't know any spells.
Your spell library contained the following spells:

 Spells                   Type           Power      Damage    Failure   Level
 Summon Small Mammal      Summ           0%         N/A       98%         1
 Call Canine Familiar     Summ           0%         N/A       100%        3
 Summon Guardian Golem    Hex/Summ       0%         N/A       100%        3


Dungeon Overview and Level Annotations

Branches:
Dungeon (6/15)
 Temple: D:4-7

Altars:
Kikubaaqudgha

Shops:
D:2 *


Innate Abilities, Weirdness & Mutations

You are immune to poison.
You have sharp fingernails.
Your flesh is cold resistant. (rC+)
You are immune to negative energy. (rN+++)
You do not regenerate when monsters are visible.
You are immune to unholy pain and torment.
You thrive by killing the living.


Message History

The gnoll is severely wounded.
You miss the phantom. The gnoll hits you but does no damage.
The phantom hits you but does no damage.
You hit the gnoll but do no damage.
The gnoll is severely wounded.
You hit the phantom. You burn the phantom.
The gnoll hits you but does no damage.
The phantom hits you but does no damage.
You block the gnoll's attack.
You barely miss the gnoll.
The gnoll is severely wounded.
You hit the phantom. You burn the phantom. You block the phantom's attack.
The gnoll hits you with a +0 whip.
* * * LOW HITPOINT WARNING * * *
You block the phantom's attack.
You hit the gnoll. You burn the gnoll.
You kill the gnoll!
You hit the phantom but do no damage.
The phantom hits you but does no damage.
You barely miss the phantom.
The phantom is moderately damaged.
The phantom hits you but does no damage.
You hit the phantom but do no damage.
The phantom is moderately damaged.
The phantom hits you but does no damage.
You closely miss the phantom.
The phantom is moderately damaged.
The phantom hits you but does no damage.
You hit the phantom. You burn the phantom.
The phantom is severely damaged.
The phantom hits you.
* * * LOW HITPOINT WARNING * * *
The phantom blinks!
You blink.
The phantom hits you.
* * * LOW HITPOINT WARNING * * *
The phantom blinks!
You blink.
You completely miss the phantom.
The phantom is severely damaged.
The phantom hits you.
You die...

.....#.....##
#.............##
...............#
...............#
...............# ######
........§).....# .....##
........)§.....# ...)..##
........W......# .......#
#......@......## .......#
##...........## .......#
######.###.##
.......#########.###.#####
............. ............
.............###.#.....# #
......######...........#
.# #####.# #........# #.#
# #.#### #.##.....###.>#..


You could see a phantom.

Vanquished Creatures
  A scorpion (D:4)
  A jelly (D:6)
  2 hounds (D:4)
  A gnoll bouda (D:6)
  5 adders
  4 gnolls
  3 dart slugs
  7 orcs (D:3)
  3 bats
  7 endoplasms
  2 giant cockroaches
  8 goblins
  9 hobgoblins
  6 jackals
  4 quokkas
  4 ball pythons
  10 kobolds
  4 rats
81 creatures vanquished.

Notes
Turn   | Place    | Note
-------+----------+-------------------------------------------
     0 | D:1      | MacCMillion the Ghoul Fighter began the quest for the Orb.
     0 | D:1      | Reached XP level 1. HP: 19/19 MP: 0/0
   135 | D:1      | Reached skill level 2 in Axes
   201 | D:1      | Reached XP level 2. HP: 23/26 MP: 1/1
   487 | D:1      | Reached XP level 3. HP: 31/31 MP: 2/2
  1238 | D:2      | Reached XP level 4. HP: 38/38 MP: 3/3
  1244 | D:2      | Reached skill level 3 in Axes
  1372 | D:2      | Found Xukk's Assorted Antiques.
  2634 | D:3      | Reached XP level 5. HP: 45/45 MP: 4/4
  2871 | D:4      | Reached skill level 4 in Axes
  2938 | D:4      | Found an ancient bone altar of Kikubaaqudgha.
  2968 | D:4      | Reached XP level 6. HP: 48/51 MP: 5/5
  3009 | D:4      | Identified the +1 chain mail of Lethargy {rF+ Dex+3}
  3210 | D:4      | You fall into a shaft and drop 2 floors!
  3233 | D:6      | Reached skill level 5 in Axes
  3363 | D:5      | Entered Level 5 of the Dungeon
  3498 | D:4      | HP: 1/51 [phantom (3)]
  3499 | D:4      | Slain by a phantom

Illustrated notes

Levels and vault maps discovered:
D:1:      scummos_arrival_gate, layout_basic
D:2:      layout_basic, serial_shops, shop
D:3:      layout_loops_ring
D:4:      layout_rooms, kiku_gazebo_garden_becter, serial_shops, shop
D:5:      layout_basic, minmay_temple_entry_stoned_glass, grunt_ministairs_15,
          amcnicky_mini_pool_small, uniq_blork_the_orc
D:6:      layout_basic, minitemple, kennysheep_boxes

Skill      XL: |  1  2  3  4  5  6 |
---------------+-------------------+-----
Axes           | 2 3 4 5 |  5.5
Shields        | 3 4 |  4.0
Fighting       | |  3.2
Armour         | |  2.6

Action                     |  1- 3 |  4- 6 || total
---------------------------+-------+-------++-------
  Melee: War axe           |   140 |    76 ||   216
         Hand axe          |       |    62 ||    62
 Armour: Scale mail        |   114 |    24 ||   138
         Chain mail        |       |   104 ||   104
  Dodge: Dodged            |    72 |    58 ||   130
  Block: Buckler           |    31 |    24 ||    55

Table legend: (Time is in decaauts)
 A = Elapsed time spent in this place.
 B = Non-inter-level travel time spent in this place.
 C = Inter-level travel time spent in this place.
 D = Time resting spent in this place.
 E = Time spent auto-exploring this place.
 F = Levels seen in this place.
 G = Mean time per level.
                   A        B        C        D        E       F      G
               +--------+--------+--------+--------+--------+-----+--------+
         Total |   3589 |   3540 |     49 |    309 |   2444 |   6 |  598.2 |
       Dungeon |   3589 |   3540 |     49 |    309 |   2444 |   6 |  598.2 |
               +--------+--------+--------+--------+--------+-----+--------+

Top non-repeatable levels by time:
     D:1: 1125 daAuts
     D:2: 953 daAuts
     D:3: 811 daAuts
     D:4: 423 daAuts
     D:6: 264 daAuts
     D:5: 11 daAuts
